 Dungeon Crawl Stone Soup version 0.30.1-9-gdf580d7c3d (webtiles) character file.

Game seed: 10404316421015359578

13539 Cheops the Arsonist (level 12, -1/105 HPs)
             Began as a Naga Fire Elementalist on Oct 8, 2023.
             Was the Champion of Cheibriados.
             Slain by a manticore (2 damage)
             ... on level 12 of the Dungeon.
             The game lasted 00:57:17 (16768 turns).

Cheops the Arsonist (Naga Fire Elementalist)       Turns: 16768, Time: 00:57:18

Health: -1/105     AC: 18    Str: 26    XL:     12   Next: 7%
Magic:  3/21       EV: 10    Int: 39    God:    Cheibriados [******]
Gold:   662        SH:  0    Dex: 27    Spells: 5/23 levels left

rFire   + . .        a - staff of conjuration {!a}
rCold   x . .        (no shield)
rNeg    . . .        G - +1 robe of Udiley {Int+4 Slay+2 SInv Stlth+}
rPois   +            S - +0 helmet
rElec   .            e - +2 cloak
rCorr   .            p - +2 pair of gloves {Stlth+}
SInv    +            (no barding)
Will    +....        (no amulet)
Stlth   +++++        l - ring of fire
HPRegen 0.37/turn    N - +4 ring of protection
MPRegen 0.17/turn

%: no passive effects
@: mighty, about to teleport, attractive, studying 2 skills, invisible, very
slow
A: AC +4, large, see invisible, deformed body, poison resistance, slowness 2,
spit poison 1, naga tail 1
a: Spit Poison, Renounce Religion, Bend Time, Temporal Distortion, Slouch, Step
From Time


You were on level 12 of the Dungeon.
You worshipped Cheibriados.
Cheibriados was exalted by your worship.
You visited 2 branches of the dungeon, and saw 13 of its levels.
You also visited: Sewer and Bailey.

You collected 662 gold pieces.

Inventory:

Hand Weapons
 b - a +4 short sword of flaming
 g - a +0 whip of electrocution
 H - a +2 dagger of venom
 O - the +7 flail of Ihemif {protect, Int+2}
   (You found it on level 10 of the Dungeon)

   Int:       It affects your intelligence (+2).
Armour
 e - a +2 cloak (worn)
 i - a +0 robe
 j - the +11 scale mail of the Irksome God {Stlth+}
   (You found it on level 2 of the Dungeon)

   Stlth:     It makes you more stealthy.
 p - a +2 pair of gloves of stealth (worn)
 G - the +1 robe of Udiley (worn) {Int+4 Slay+2 SInv Stlth+}
   (You took it off an orc on level 6 of the Dungeon)

   Int:       It affects your intelligence (+4).
   Slay:      It affects your accuracy & damage with ranged weapons and melee
   (+2).
   SInv:      It lets you see invisible.
   Stlth:     It makes you more stealthy.
 S - a +0 helmet (worn)
Magical Staves
 a - a staff of conjuration (weapon) {!a}
 z - a staff of death
Jewellery
 l - a ring of fire (left hand)
 w - a ring of protection from cold
 N - a +4 ring of protection (right hand)
 P - a +6 ring of strength
 R - an amulet of reflection
Wands
 u - a wand of digging (9)
 y - a wand of charming (1)
 J - a wand of mindburst (2)
Scrolls
 d - a scroll of amnesia
 v - a scroll of enchant weapon
 x - 3 scrolls of enchant armour
 B - 3 scrolls of immolation {unknown}
 C - 2 scrolls of torment {unknown}
 D - 2 scrolls of fog {unknown}
 E - a scroll of silence {unknown}
 F - a scroll of butterflies
 K - 5 scrolls of teleportation
 L - a scroll of magic mapping
Potions
 c - 2 potions of flight
 f - 8 potions of heal wounds {unknown}
 h - 2 potions of curing
 k - 3 potions of cancellation
 m - a potion of magic
 n - 3 potions of attraction
 o - 3 potions of invisibility
 q - 3 potions of brilliance
 r - a potion of might
 s - a potion of resistance {unknown}
 t - 4 potions of haste {unknown}
 A - 2 potions of lignification {unknown}
 I - 2 potions of experience
 M - a potion of degeneration {unknown}


   Skills:
 + Level 6.0 Fighting
 + Level 5.1 Armour
 - Level 1.5 Dodging
 - Level 3.0 Stealth
 - Level 6.0 Spellcasting
 - Level 10.0 Conjurations
 - Level 10.0 Fire Magic
 - Level 6.0 Air Magic
 - Level 4.0 Poison Magic
 - Level 8.3 Invocations


You had 5 spell levels left.
You knew the following spells:

 Your Spells              Type           Power      Damage    Failure   Level
a - Foxfire               Conj/Fire      100%       2x1d9     1%          1
b - Scorch                Fire           100%       2d9       1%          2
i - Ignite Poison         Fire/Tmut/Pois 64%        N/A       1%          3
v - Volatile Blastmotes   Fire/Tloc      100%       2d18      1%          3
w - Flame Wave            Conj/Fire      100%       2d21      1%          4
M - Mephitic Cloud        Conj/Pois/Air  77%        N/A       1%          3
P - Poisonous Vapours     Pois/Air       100%       N/A       1%          2

Your spell library contained the following spells:

 Spells                   Type           Power      Damage    Failure   Level
 Cigotuvi's Dreadful Rot  Necr/Pois/Air  74%        N/A       1%          2
 Inner Flame              Hex/Fire       66%        N/A       1%          3
 Stone Arrow              Conj/Erth      100%       3d13      1%          3
 Necrotise                Necr           44%        1d6       2%          1
 Sandblast                Erth           22%        2d7       2%          1
 Summon Small Mammal      Summ           44%        N/A       2%          1
 Passwall                 Tmut/Erth      9%         N/A       4%          2
 Call Canine Familiar     Summ           11%        N/A       9%          3
 Frozen Ramparts          Ice            22%        1d4       9%          3
 Portal Projectile        Hex/Tloc       22%        N/A       9%          3
 Summon Guardian Golem    Hex/Summ       11%        N/A       9%          3
 Vampiric Draining        Necr           11%        2d6       9%          3
 Freezing Cloud           Conj/Ice/Air   34%        6-21      9%          5
 Ice Form                 Ice/Tmut       11%        N/A       28%         4
 Leda's Liquefaction      Hex/Erth       5%         N/A       28%         4
 Summon Ice Beast         Ice/Summ       11%        N/A       28%         4
 Agony                    Necr           11%        N/A       61%         5


Dungeon Overview and Level Annotations

Branches:
Dungeon (12/15)            Temple (1/1) D:4             Orc (0/2) D:11
  Sewer (visited)          Bailey (visited)
   Lair: D:8-11

Altars:
Ashenzari
Cheibriados
Dithmenos
Elyvilon
Fedhas
Gozag
Hepliaklqana
Kikubaaqudgha
Makhleb
Nemelex Xobeh
Okawaru
Qazlal
Ru
Sif Muna
Trog
Uskayaw
Vehumet
Wu Jian
Xom
Yredelemnul
Zin
The Shining One

Shops:
D:2 (   D:4 =   D:8 (

Annotations:
D:8 !death yaks
D:12 exclusion: ice statue


Innate Abilities, Weirdness & Mutations

Your serpentine skin is tough. (AC +4)
You have supernaturally acute eyesight. (SInv)
Armour fits poorly on your strangely shaped body.
Your system is resistant to poisons. (rPois)
You cover ground very slowly.
You can spit poison.
You have a snake-like lower body.


Message History

Okay, then.
Unknown command.
Unknown command.
Okay, then.
Unknown command.
Blink to where?
Press: ? - help, Dir - move target
As you read the scroll of blinking, it crumbles to dust.
A manticore comes into view.
Really attack while wielding your staff of conjuration {!a}?
Okay, then.
It was a potion of curing.
You feel better. The manticore bites you!
* * * LOW HITPOINT WARNING * * *
The manticore claws you but does no damage.
The manticore barely misses you.
Okay, then.
As you read the scroll of teleportation, it crumbles to dust.
You feel strangely unstable.
The manticore bites you but does no damage.
The manticore claws you but does no damage. x2
Casting: Flame Wave (mildly dangerous; 1% risk of failure)
Confirm with . or Enter, or press ? or * to list all spells.
Okay, then.
It was a potion of attraction.
You feel attractive to monsters. The manticore bites you!
* * * LOW HITPOINT WARNING * * *
The manticore closely misses you.
The manticore claws you but does no damage.
It was a potion of invisibility.
You fade into invisibility!
The manticore bites you but does no damage.
The manticore claws you!
* * * LOW HITPOINT WARNING * * *
The manticore claws you but does no damage.
The red ugly thing headbutts you but does no damage.
It was a potion of might.
You feel very mighty all of a sudden. The manticore barely misses you.
The manticore claws you.
You die...

.....#####.###
....(.)u)....#
.....##))).#.....
#.#####.#########
#.......#####
.....#####.....#
### #.###.#
#.###.#####.#
#.u@H........
#####.#####.#
##.#####.#
#.........
#..#####>#
#####..# #......#
####.####.#
#.........#


You could see a red ugly thing (unable to see you) and a manticore (unable to
see you).

Vanquished Creatures
  A centaur warrior (D:12)
  A boulder beetle (D:11)
  Pikel (D:6)
  2 cyclopes (D:12)
  Maurice (D:10)
  Maggie (D:10)
  A kobold demonologist (D:9)
  A komodo dragon (D:12)
  A troll (D:11)
  A hornet (D:8)
  Sigmund (D:2)
  A vampire (D:10)
  A wraith (D:12)
  A shadow (D:11)
  A wyvern (D:9)
  12 yaks
  A steam dragon (D:9)
  2 wargs (D:11)
  An acid dragon (D:10)
  3 ice beasts
  14 orc warriors
  An ogre (D:5)
  2 phantoms
  20 centaurs
  A lemure (D:7)
  4 kobold brigands
  2 bullfrogs (D:7)
  3 gnoll sergeants
  4 scorpions
  A water moccasin zombie (D:6)
  7 wights (D:9)
  16 killer bees
  3 howler monkeys
  4 jellies
  A bullfrog skeleton (D:6)
  2 bullfrog zombies (D:6)
  6 orc priests
  2 hounds (D:6)
  A centaur skeleton (D:6)
  13 orc wizards
  5 adders
  17 gnolls
  A white imp (D:7)
  An ufetubus (D:6)
  A worm (D:2)
  3 dart slugs
  62 orcs
  10 ball pythons
  3 bats
  7 endoplasms
  7 giant cockroaches
  12 goblins
  5 hobgoblins
  3 jackals (D:1)
  5 quokkas
  3 frilled lizards
  27 kobolds
  24 rats
338 creatures vanquished.

Vanquished Creatures (collateral kills)
  4 kobolds (D:7)
  16 foxfires
20 creatures vanquished.

Vanquished Creatures (others)
  A shadow (D:12)
  1150 foxfires
1151 creatures vanquished.

Grand Total: 1509 creatures vanquished

Notes
Turn   | Place    | Note
-------+----------+-------------------------------------------
     0 | D:1      | Cheops the Naga Fire Elementalist began the quest for the
                  | Orb.
     0 | D:1      | Reached XP level 1. HP: 15/15 MP: 3/3
   160 | D:1      | Reached XP level 2. HP: 22/22 MP: 3/5
   528 | D:1      | Reached XP level 3. HP: 28/28 MP: 5/7
  1135 | D:2      | Learned a level 2 spell: Scorch
  1299 | D:2      | Identified the +11 scale mail of the Irksome God {Stlth+}
  1330 | D:2      | Found Acoixaza's Antique Weapon Emporium.
  1430 | D:2      | Noticed Sigmund
  1441 | D:2      | Killed Sigmund
  1442 | D:2      | Reached XP level 4. HP: 36/36 MP: 0/8
  1442 | D:2      | Reached XP level 5. HP: 42/42 MP: 0/9
  1678 | D:2      | Found a faded altar of an unknown god.
  1789 | D:2      | Reached XP level 6. HP: 49/49 MP: 6/10
  2720 | D:2      | Learned a level 4 spell: Flame Wave
  2725 | D:2      | Learned a level 3 spell: Volatile Blastmotes
  2966 | D:3      | Reached skill level 5 in Fire Magic
  3063 | D:3      | Found a glowing drain.
  3098 | Sewer    | Entered a sewer
  3341 | Sewer    | Reached skill level 5 in Conjurations
  3341 | Sewer    | Reached XP level 7. HP: 47/55 MP: 2/11
  3771 | D:3      | Noticed a torpor snail
  3772 | D:3      | Found a snail-covered altar of Cheibriados.
  4406 | D:4      | Found a staircase to the Ecumenical Temple.
  4414 | Temple   | Entered the Ecumenical Temple
  4486 | D:3      | Became a worshipper of Cheibriados the Contemplative
  4544 | D:4      | Found a sacrificial altar of Ru.
  4642 | D:4      | Found Woj Kula's Jewellery Emporium.
  5384 | D:4      | Found a hide-covered altar of Uskayaw.
  5384 | D:4      | Found a sparkling altar of Nemelex Xobeh.
  5488 | D:5      | Entered Level 5 of the Dungeon
  5569 | D:5      | Reached XP level 8. HP: 45/62 MP: 0/12
  6112 | D:5      | Found a white marble altar of Elyvilon.
  6316 | D:6      | Reached * piety under Cheibriados
  6573 | D:6      | Identified the +1 robe of Udiley {Int+4 Slay+2 SInv Stlth+}
  7672 | D:7      | Noticed Pikel
  7777 | D:7      | Reached XP level 9. HP: 68/68 MP: 6/13
  7794 | D:7      | Reached ** piety under Cheibriados
  7797 | D:7      | Reached skill level 1 in Invocations
  7813 | D:7      | HP: 2/68 [Pikel/+0 whip of electrocution (13)]
  7854 | D:6      | Killed Pikel
  8028 | D:7      | Reached skill level 5 in Invocations
  8537 | D:7      | Found a burning altar of Makhleb.
  9227 | D:8      | Reached *** piety under Cheibriados
  9509 | D:8      | Noticed a death yak
  9509 | D:8      | Noticed a death yak
  9509 | D:8      | Noticed a death yak
  9590 | D:8      | Noticed a hornet
  9598 | D:8      | Killed a hornet
  9599 | D:8      | Reached XP level 10. HP: 71/75 MP: 7/16
  9603 | D:8      | Reached skill level 1 in Poison Magic
  9703 | D:8      | Learned a level 3 spell: Mephitic Cloud
  9707 | D:8      | Learned a level 3 spell: Ignite Poison
  9720 | D:8      | Found Zuodghaj's Weapon Emporium.
  9897 | D:8      | Noticed a death yak
 10253 | D:9      | Found a stormy altar of Qazlal.
 10292 | D:9      | Reached skill level 5 in Spellcasting
 10297 | D:9      | Reached skill level 1 in Air Magic
 10310 | D:9      | Learned a level 2 spell: Poisonous Vapours
 10492 | D:9      | Noticed a kobold demonologist
 10497 | D:9      | Killed a kobold demonologist
 10735 | D:9      | Reached **** piety under Cheibriados
 10993 | D:9      | Reached skill level 5 in Air Magic
 11609 | D:10     | Entered Level 10 of the Dungeon
 11662 | D:10     | Found a flagged portal.
 11908 | D:10     | Noticed Maurice
 11916 | D:10     | Killed Maurice
 11974 | Bailey   | Entered a bailey
 12283 | Bailey   | Reached ***** piety under Cheibriados
 12537 | Bailey   | Reached XP level 11. HP: 81/81 MP: 12/18
 14364 | D:10     | Found a glowing golden altar of the Shining One.
 14430 | D:10     | Identified the +0 ring mail of Disappointment {Will+}
 14628 | D:10     | Noticed Maggie
 14633 | D:10     | Killed Maggie
 14714 | D:10     | Identified the +7 flail of Ihemif {protect, Int+2}
 14884 | D:11     | Reached skill level 1 in Fighting
 14884 | D:11     | Reached skill level 1 in Armour
 14992 | D:11     | Found an iron altar of Okawaru.
 15143 | D:11     | Noticed a boulder beetle
 15158 | D:11     | Killed a boulder beetle
 15706 | D:11     | Found a staircase to the Orcish Mines.
 16297 | D:12     | Noticed a centaur warrior
 16310 | D:12     | Reached skill level 10 in Fire Magic
 16311 | D:12     | Reached ****** piety under Cheibriados
 16313 | D:12     | Killed a centaur warrior
 16505 | D:12     | Noticed a cyclops
 16507 | D:12     | Killed a cyclops
 16508 | D:12     | Reached skill level 5 in Fighting
 16672 | D:12     | Noticed a green ugly thing
 16751 | D:12     | Noticed a red ugly thing
 16751 | D:12     | Noticed a cyclops
 16758 | D:12     | Killed a cyclops
 16759 | D:12     | Reached XP level 12. HP: 50/104 MP: 6/21
 16761 | D:12     | Reached skill level 10 in Conjurations
 16762 | D:12     | Reached skill level 5 in Armour
 16767 | D:12     | HP: 1/105 [manticore (7)]
 16768 | D:12     | Slain by a manticore

Illustrated notes

Levels and vault maps discovered:
D:1:      dpeg_arrival_three_same_balls, layout_basic, grunt_decor_cap,
          hangedman_feature_mirror, wad_floor_pattern_1, minmay_close_crescents
D:2:      layout_basic, serial_shops, shop, basic_ecumenical_altar,
          minmay_rat_hole, uniq_sigmund
D:3:      layout_basic, cheibriados_altar_2, gup_sewer_entry_glass
D:4:      layout_layer_cave, mainiacjoe_overflow_brackets,
          amethyst_overflow_temple_binary, minmay_temple_entry_glassed_door,
          serial_shops, shop
D:5:      layout_rooms, kennysheep_little_box
D:6:      layout_rooms, serial_undead, serial_undead_c, serial_undead_c,
          serial_undead_e, serial_undead_c
D:7:      layout_loops_cross, kennysheep_small_circle, uniq_pikel
D:8:      layout_basic, dpeg_lair_monsters, serial_shops,
          nicolae_shop_bloodbath_and_beyond
D:9:      layout_roguey, nicolae_qazlal_eye_of_the_storm
D:10:     layout_roguey, tso_altar, enter_bailey_2,
          nicolae_concentric_dashed_squares_wild, minmay_misc_feat_five,
          chequers_serial_rivers_room_b, nrook_mini_vaults,
          kennysheep_small_spiral, minmay_misc_feat_rugged, uniq_maggie,
          uniq_maurice
D:11:     layout_roguey, david_orc_1_choice, eino_small_chamber_without_monster,
          okawaru_gym_becter
D:12:     layout_loops_ring, minmay_statue_bubble
Temple:   nicolae_temple_no_exploring_needed

Skill      XL: |  1  2  3  4  5  6  7  8  9 10 11 12 |
---------------+-------------------------------------+-----
Spellcasting   | 3 5 6 |  6.0
Conjurations   | 4 5 6 8 9 10 | 10.0
Fire Magic     | 4 5 6 8 10 | 10.0
Invocations    | 8 |  8.3
Poison Magic   | 4 |  4.0
Air Magic      | 6 |  6.0
Fighting       | 5 6 |  6.0
Armour         | 4 5 |  5.1
Dodging        | |  1.5
Stealth        | |  3.0

Action                     |  1- 3 |  4- 6 |  7- 9 | 10-12 || total
---------------------------+-------+-------+-------+-------++-------
  Melee: Unarmed           |     7 |       |       |       ||     7
         Dagger            |     1 |     8 |     2 |       ||    11
         Staff             |       |     6 |     4 |       ||    10
         Short sword       |       |       |    19 |    23 ||    42
   Cast: Foxfire           |    62 |    80 |   263 |   259 ||   664
         Scorch            |     4 |     3 |    11 |    22 ||    40
         Volatile Blastmot |       |       |     6 |     3 ||     9
         Flame Wave        |       |       |     1 |    20 ||    21
         Poisonous Vapours |       |       |       |    34 ||    34
         Ignite Poison     |       |       |       |    29 ||    29
         Mephitic Cloud    |       |       |       |     3 ||     3
Ability: Spit Poison       |     2 |     2 |     3 |     1 ||     8
  Evoke: Wand              |       |       |     3 |       ||     3
    Use: Scroll            |       |     5 |    10 |     5 ||    20
         Potion            |       |       |       |     5 ||     5
   Stab: Sleeping          |       |     1 |       |       ||     1
         Confused          |       |       |       |     1 ||     1
 Armour: Robe              |     3 |    23 |    93 |   167 ||   286
  Dodge: Dodged            |    10 |    25 |    97 |   180 ||   312
